 Dungeon Crawl Stone Soup version 0.29-a0-555-g3b24f45cc1 (webtiles) character file.

Game seed: 6211033178701839971

93881 Pelinal the Covert (level 15, -1/113 HPs)
             Began as a Red Draconian Conjurer on June 8, 2022.
             Was a High Priest of Vehumet.
             Slain by a slime creature (10 damage)
             ... on level 15 of the Dungeon.
             The game lasted 01:54:17 (35905 turns).

Pelinal the Covert (Red Draconian Conjurer)        Turns: 35905, Time: 01:54:17

Health: -1/113     AC: 16    Str: 12    XL:     15   Next: 62%
Magic:  26/37      EV: 13    Int: 24    God:    Vehumet [*****.]
Gold:   727        SH: 12    Dex:  9    Spells: 4/33 levels left

rFire   + . .      SeeInvis .   C - +4 demon whip (venom)
rCold   + + .      Faith    .   z - +2 buckler {rC+}
rNeg    . . .      Spirit   .   (body armour unavailable)
rPois   .          Reflect  +   (helmet restricted)
rElec   .          Harm     .   P - +2 cloak
rCorr   .          Rampage  .   m - +2 pair of gloves
Will    +....                   e - +0 pair of boots
Stlth   ++++......              s - amulet of reflection
HPRegen 0.28/turn               r - ring of protection from cold
MPRegen 0.25/turn               b - ring of magical power

@: short of breath
A: breathe fire, AC +9, unfitting armour, fire resistance 1, cold-blooded
a: Breathe Fire, Renounce Religion


You were on level 15 of the Dungeon.
You worshipped Vehumet.
Vehumet was extremely pleased with you.
You visited 4 branches of the dungeon, and saw 24 of its levels.
You also visited: Sewer and Ice Cave.

You collected 2109 gold pieces.
You spent 1382 gold pieces at shops.

Inventory:

Hand Weapons
 C - a +4 demon whip of venom (weapon)
Missiles
 u - 70 poisoned darts (quivered)
 B - 10 curare-tipped darts
 M - 2 throwing nets
Armour
 e - a +0 pair of boots (worn)
 m - a +2 pair of gloves (worn)
 z - a +2 buckler of cold resistance (worn)
 P - a +2 cloak (worn)
 W - a +2 kite shield of fire resistance
Jewellery
 b - a ring of magical power (right hand)
 h - a +4 ring of evasion
 r - a ring of protection from cold (left hand)
 s - an amulet of reflection (around neck)
 S - a ring of positive energy
 U - the ring of Shadows {Umbra +Inv Stlth+}
   (You found it in an ice cave)

   [ring of stealth]

   It surrounds you with an aura of shadow, increasing your stealth and reducing
   the accuracy of all others within it.
   +Inv:      It lets you turn invisible.
   Stlth:     It makes you more stealthy.
 X - a ring of poison resistance
 Y - the amulet "Muriyriawn" {Faith Rampage +Blink Will- MP+9}
   (You found it on level 12 of the Dungeon)

   [amulet of faith]

   It allows you to gain divine favour quickly.
   MP:        It affects your magic capacity (+9).
   +Blink:    It lets you blink.
   Rampage:   It bestows one free step when moving towards enemies.
   Will:      It decreases your willpower.
Wands
 k - a wand of paralysis (5)
 v - a wand of polymorph (18)
 y - a wand of acid (16)
 I - a wand of flame (13)
 J - a wand of digging (7)
 O - a wand of iceblast (22)
 V - a wand of mindburst (7)
Scrolls
 c - 2 scrolls of amnesia
 f - 4 scrolls of identify
 g - 4 scrolls of poison
 i - 4 scrolls of blinking
 n - a scroll of immolation
 q - 5 scrolls of fear
 t - a scroll of torment
 w - 3 scrolls of summoning
 x - 10 scrolls of teleportation
 D - 3 scrolls of vulnerability
 H - 3 scrolls of magic mapping
 K - 3 scrolls of brand weapon
 L - 2 scrolls of fog
 N - 4 scrolls of enchant armour
Potions
 a - a potion of magic
 d - 5 potions of berserk rage
 j - 3 potions of attraction
 l - 6 potions of haste
 o - 8 potions of heal wounds
 p - 3 potions of mutation
 A - 3 potions of ambrosia
 E - a potion of invisibility
 F - 3 potions of lignification
 G - 2 potions of flight
 Q - 3 potions of brilliance
 R - 6 potions of might
 Z - a potion of resistance
Miscellaneous
 T - a tin of tremorstones (1/2)


   Skills:
 - Level 5.0 Fighting
 + Level 7.4 Maces & Flails
 - Level 6.0 Throwing
 - Level 7.0 Dodging
 - Level 11.3 Stealth
 + Level 7.3 Shields
 + Level 9.7 Spellcasting
 - Level 10.0 Conjurations
 - Level 10.0 Hexes
 - Level 6.0 Transmutations
 - Level 5.3 Fire Magic
 - Level 10.0 Poison Magic
 - Level 5.0 Evocations


You had 4 spell levels left.
You knew the following spells:

 Your Spells              Type           Power      Damage    Failure   Level
a - Fulminant Prism       Conj/Hex       28%        3d14      1%          4
b - Fireball              Conj/Fire      24%        3d11      2%          5
c - Dazzling Flash        Conj/Hex       100%       N/A       1%          3
d - Yara's Violent Unrav  Hex/Tmut       25%        3d11      1%          5
f - Olgreb's Toxic Radia  Pois           56%        N/A       1%          4
g - Irradiate             Conj/Tmut      25%        3d21      1%          5
h - Ignite Poison         Fire/Tmut/Pois 45%        N/A       1%          3

Your spell library contained the following spells:

 Spells                   Type           Power      Damage    Failure   Level
 Beastly Appendage        Tmut           80%        N/A       1%          1
 Foxfire                  Conj/Fire      100%       2x1d9     1%          1
 Magic Dart               Conj           100%       1d8       1%          1
 Ensorcelled Hibernation  Hex/Ice        70%        N/A       1%          2
 Searing Ray              Conj           100%       2d8       1%          2
 Wereblood                Tmut           40%        N/A       1%          2
 Conjure Flame            Conj/Fire      48%        6-21      1%          3
 Inner Flame              Hex/Fire       48%        N/A       1%          3
 Spider Form              Tmut/Pois      50%        N/A       1%          3
 Stone Arrow              Conj/Erth      70%        3d11      1%          3
 Sticky Flame             Conj/Fire      48%        2d7       1%          4
 Summon Guardian Golem    Hex/Summ       35%        N/A       2%          3
 Iskenderun's Mystic Bla  Conj/Tloc      35%        2d8       2%          4
 Passwall                 Tmut/Erth      21%        N/A       3%          2
 Apportation              Tloc           22%        N/A       7%          1
 Necrotize                Necr           44%        1d6       7%          1
 Summon Small Mammal      Summ           44%        N/A       7%          1
 Leda's Liquefaction      Hex/Erth       17%        N/A       9%          4
 Gell's Gravitas          Tloc           11%        N/A       21%         3
 Ozocubu's Armour         Ice            11%        N/A       21%         3
 Swiftness                Air            11%        N/A       21%         3
 Teleport Other           Tloc           11%        N/A       21%         3
 Passage of Golubria      Tloc           11%        N/A       54%         4
 Alistair's Intoxication  Tmut/Pois      33%        N/A       7%          5
 Eringya's Noxious Bog    Tmut/Pois      25%        N/A       11%         6
 Starburst                Conj/Fire      24%        6d8       12%         6
 Orb of Destruction       Conj           28%        9d9       24%         7
 Iron Shot                Conj/Erth      17%        9d4       32%         6
 Spellforged Servitor     Conj/Summ      17%        N/A       83%         7
 Borgnjor's Vile Clutch   Necr/Erth      5%         N/A       88%         5
 Dispersal                Tloc           5%         N/A       100%        6
 Ozocubu's Refrigeration  Ice            5%         4d6       100%        7
 Ignition                 Fire           18%        3d7       100%        8
 Lehudib's Crystal Spear  Conj/Erth      17%        10d5      100%        8
 Chain Lightning          Conj/Air       17%        3d23      100%        9
 Fire Storm               Conj/Fire      24%        8d6       100%        9
 Shatter                  Erth           5%         3d8*      100%        9
 Animate Armour           Summ/Erth      Unusable   N/A       N/A         4

Dungeon Overview and Level Annotations

Branches:
Dungeon (15/15)            Temple (1/1) D:4            Lair (6/6) D:9
  Swamp (0/4) Lair:2        Snake (0/4) Lair:4        Slime (0/5) Lair:6
    Orc (2/2) D:12            Elf (0/3) Orc:2        Vaults (0/5) D:13
  Sewer (visited)           IceCv (visited)
 Depths: D:15

Altars:
Ashenzari
Cheibriados
Dithmenos
Elyvilon
Fedhas
Gozag
Hepliaklqana
Kikubaaqudgha
Makhleb
Nemelex Xobeh
Okawaru
Qazlal
Ru
Sif Muna
Trog
Uskayaw
Vehumet
Wu Jian
Xom
Yredelemnul
Zin
The Shining One
Beogh
Jiyva

Shops:
D:3 (   D:7 (   Orc:1 *   Orc:2 (:*

Annotations:
D:12 Erolcha
D:13 2 transporters, om's ghost, journeyman DjCj
Lair:6 3 runed translucent doors, oldriver's ghost, journeyman PaDe


Innate Abilities, Weirdness & Mutations

You can breathe blasts of fire.
Your fiery red scales are hard. (AC +9)
You cannot fit into any form of body armour.
Your flesh is heat resistant. (rF+)
You are cold-blooded and may be slowed by cold attacks.


Message History

Casting: Dazzling Flash (safe; 1% risk of failure)
Confirm with . or Enter, or press ? or * to list all spells.
Casting: Dazzling Flash (safe; 1% risk of failure)
Press: ? - help, Dir - look around, f - activate The slime creature is dazzled.
Two slime creatures merge to form a very large slime creature.
You block the slime creature's attack.
Unknown command.
Unknown command.
Unknown command.
Unknown command.
You whack the slime creature!
The slime creature looks as sick as possible!
The slime creature is moderately wounded.
Unknown command.
Casting: Dazzling Flash (safe; 1% risk of failure)
Confirm with . or Enter, or press ? or * to list all spells.
You begin to radiate toxic energy.
The slime creature hits you.
Unknown command.
Aiming: Breathe Fire (1% risk of failure)
Press: ? - help, Shift-Dir - straight line, f - very large slime creature
Aim: a very large slime creature (moderately wounded, blind, poisoned, 94% to hit)
You breathe a blast of fire.
The fiery breath hits the very large slime creature!
The very large slime creature is moderately wounded.
Your toxic aura wanes.
The very large slime creature is no longer blind.
The very large slime creature is engulfed in blazing flames.
The very large slime creature hits you!!!
The slime creature hits you but does no damage.
Unknown command.
Unknown command.
Unknown command.
You hit the slime creature.
The slime creature is moderately wounded.
The very large slime creature is engulfed in blazing flames.
The very large slime creature hits you!!!
* * * LOW HITPOINT WARNING * * *
The slime creature hits you!
You die...

######### #........
#........ #........
#........ ## #........
##.. #........ .#....####
######### .......J@# #...
##....##J# #...
##..###.#############...
####...................
#....####'###.#####.... ##
#..........<..# #.....
..## ##.............#
#..... ...###
###..............## #.....
..<..###...#.............#
#.....


You could see a very large slime creature (poisoned) and a slime creature
(extremely poisoned).

Vanquished Creatures
  An orc warlord (Orc:2)
  A reaper (IceCv)
  A very ugly thing (D:15)
  Azrael (D:15)
  A fire dragon (D:9)
  Snorg (Lair:4)
  5 hydras
  A vault guard (D:13)
  A catoblepas (Lair:6)
  9 centaur warriors
  2 two-headed ogres
  A deep troll shaman (Lair:6)
  Urug (Lair:6)
  10 death yaks (Lair:6)
  2 tengu warriors
  2 orc high priests (Orc:2)
  Amaemon (Lair:1)
  Nergalle (Orc:1)
  2 bog bodies (Lair:2)
  A deep elf pyromancer (D:14)
  Pikel (D:6)
  2 orc knights (Orc:2)
  3 necromancers (D:13)
  2 lindwurms
  3 wizards (D:13)
  3 orc sorcerers (Orc:2)
  2 ugly things
  5 cyclopes
  7 black mambas
  19 elephants
  Maggie (D:7)
  A gargoyle (D:12)
  An unseen horror (D:12)
  13 cane toads
  An ice statue (IceCv)
  An orange demon (Lair:1)
  A freezing wraith (D:14)
  4 rime drakes
  2 tengu conjurers
  5 komodo dragons
  4 anaconda simulacra (IceCv)
  3 polar bears
  A queen bee (shapeshifter) (D:13)
  An ice devil (IceCv)
  3 meliai (D:14)
  8 trolls
  9 slime creatures
  30 blink frogs
  5 dream sheep (Lair:5)
  A shadow (D:12)
  3 wraiths
  2 dire elephant simulacra (IceCv)
  3 wyverns
  19 humans (D:13)
  33 yaks
  A fire elemental (D:15)
  2 death yak simulacra (IceCv)
  5 basilisks
  A steam dragon (D:10)
  6 vampire mosquitoes
  A swamp worm (Lair:2)
  6 wargs
  18 water moccasins
  7 hell hounds (D:15)
  Duvessa (D:7)
  27 orc warriors
  3 black bears
  2 ice beasts
  3 sky beasts
  3 elephant zombies (Lair:5)
  11 ogres
  5 boggarts (D:14)
  18 wolves
  28 centaurs
  A phantom (D:4)
  2 lemures (D:6)
  Blork the orc (D:6)
  4 kobold brigands
  A gnoll sergeant (D:11)
  A komodo dragon zombie (Lair:5)
  10 bullfrogs
  4 scorpions
  A necrophage (D:4)
  3 cane toad simulacra (IceCv)
  5 two-headed ogre simulacra (IceCv)
  18 wights
  Dowan (D:7)
  3 elephant simulacra (IceCv)
  12 killer bees
  2 howler monkeys
  3 electric eels
  A basilisk zombie (Lair:5)
  A crimson imp (D:13)
  3 hounds
  17 orc priests
  Crazy Yiuf (D:7)
  A jelly (D:6)
  3 gnoll shamans
  18 orc wizards
  Terence (D:2)
  5 hell rats (Lair:5)
  3 iguanas
  Natasha (thrice) (D:2)
  A polar bear simulacrum (IceCv)
  5 troll simulacra (IceCv)
  4 spriggan simulacra (IceCv)
  3 wolf simulacra (IceCv)
  21 gnolls
  15 adders
  7 naga simulacra (IceCv)
  2 shadow imps
  13 white imps
  4 ufetubi
  2 worms
  A dart slug (D:3)
  69 orcs
  11 ball pythons
  9 endoplasms
  12 giant cockroaches
  9 goblins
  6 hobgoblins
  7 jackals
  33 kobolds
  8 quokkas
  12 bats
  7 frilled lizards
  9 rats
  8 fulminant prisms
802 creatures vanquished.

Vanquished Creatures (others)
  A manticore (D:13)
  2 slime creatures (D:14)
  An adder (D:6)
  131 foxfires
  221 fulminant prisms
  68 fungi
  70 plants
494 creatures vanquished.

Grand Total: 1296 creatures vanquished

Notes
Turn   | Place    | Note
-------+----------+-------------------------------------------
     0 | D:1      | Pelinal the Draconian Conjurer began the quest for the Orb.
     0 | D:1      | Reached XP level 1. HP: 14/14 MP: 3/3
   287 | D:1      | Reached XP level 2. HP: 20/20 MP: 0/5
   941 | D:1      | Found a faded altar of an unknown god.
  1008 | D:1      | Reached skill level 2 in Stealth
  1016 | D:1      | Learned a level 2 spell: Searing Ray
  1246 | D:1      | Reached XP level 3. HP: 26/26 MP: 6/6
  1776 | D:2      | Noticed Natasha
  1787 | D:2      | Killed Natasha
  1788 | D:2      | Reached XP level 4. HP: 28/33 MP: 3/8
  1864 | D:2      | Noticed Terence
  1928 | D:2      | Killed Terence
  1929 | D:2      | Reached skill level 5 in Conjurations
  1982 | D:2      | Noticed Natasha
  1997 | D:2      | Killed Natasha
  2290 | D:2      | Learned a level 3 spell: Dazzling Flash
  2654 | D:2      | Noticed Natasha
  2660 | D:2      | Killed Natasha
  2661 | D:2      | Reached XP level 5. HP: 38/38 MP: 2/9
  3321 | D:3      | Found Kejut's Weapon Shop.
  3394 | D:3      | Found a glowing drain.
  3406 | Sewer    | Entered a sewer
  3731 | Sewer    | Reached skill level 3 in Stealth
  3953 | Sewer    | Reached skill level 1 in Hexes
  3953 | Sewer    | Reached XP level 6. HP: 30/45 MP: 5/11
  5242 | D:4      | Your scales start taking on a fiery red colour.
  5242 | D:4      | Reached XP level 7. HP: 50/50 MP: 3/12
  5242 | D:4      | Gained mutation: Your flesh is heat resistant. (rF+) [Red
                  | Draconian growth]
  5513 | D:4      | Found a staircase to the Ecumenical Temple.
  5528 | Temple   | Entered the Ecumenical Temple
  5739 | Temple   | Became a worshipper of Vehumet
  5949 | D:4      | Found a sparkling altar of Nemelex Xobeh.
  6321 | D:5      | Entered Level 5 of the Dungeon
  6384 | D:5      | Reached skill level 4 in Stealth
  6390 | D:5      | Learned a level 4 spell: Fulminant Prism
  6449 | D:5      | Found an opulent altar of Gozag.
  6992 | D:5      | Reached skill level 5 in Stealth
  6992 | D:5      | Reached XP level 8. HP: 57/57 MP: 8/14
  7596 | D:6      | Reached * piety under Vehumet
  7596 | D:6      | Offered knowledge of Foxfire by Vehumet.
  7603 | D:6      | Learned a level 1 spell: Foxfire
  7974 | D:6      | Reached skill level 6 in Stealth
  8060 | D:6      | Noticed Pikel
  8071 | D:6      | Killed Pikel
  8072 | D:6      | Reached skill level 7 in Stealth
  8072 | D:6      | Reached skill level 5 in Hexes
  8191 | D:6      | Noticed Blork the orc
  8201 | D:6      | Killed Blork the orc
  8202 | D:6      | Reached XP level 9. HP: 57/62 MP: 2/15
  8602 | D:7      | Found a shimmering altar of Xom.
  8728 | D:7      | Noticed Duvessa
  8730 | D:7      | Noticed Maggie
  8731 | D:7      | Noticed Dowan
  8866 | D:7      | Found Maemam's Antique Weapon Emporium.
  9020 | D:7      | Reached ** piety under Vehumet
  9020 | D:7      | Offered knowledge of Static Discharge by Vehumet.
  9081 | D:6      | Reached skill level 8 in Stealth
  9390 | D:7      | Killed Maggie
  9831 | D:7      | Reached skill level 1 in Throwing
  9986 | D:7      | Found a faded altar of an unknown god.
  9988 | D:7      | Found a faded altar of an unknown god.
 10016 | D:7      | Reached skill level 1 in Evocations
 10325 | D:7      | Killed Duvessa
 10331 | D:7      | Killed Dowan
 10430 | D:7      | Found a hazy altar of Hepliaklqana.
 10432 | D:7      | Found a faded altar of an unknown god.
 10715 | D:7      | Got the Tome of the Compass and the Mountains
 10749 | D:7      | Found a runed translucent door.
 10751 | D:7      | Noticed Crazy Yiuf
 10820 | D:7      | Killed Crazy Yiuf
 10922 | D:8      | Offered knowledge of Stone Arrow by Vehumet.
 11015 | D:8      | Found a white marble altar of Elyvilon.
 11074 | D:8      | Found an ornate altar of the Wu Jian Council.
 11098 | D:8      | Reached XP level 10. HP: 69/69 MP: 13/16
 11567 | D:9      | Noticed a two-headed ogre
 11582 | D:9      | Killed a two-headed ogre
 11728 | D:9      | Found a staircase to the Lair.
 11729 | D:9      | Noticed a fire dragon
 11867 | D:9      | Reached *** piety under Vehumet
 11990 | D:9      | Killed a fire dragon
 11991 | D:9      | Reached skill level 5 in Evocations
 12101 | D:9      | Reached skill level 5 in Throwing
 12608 | D:9      | Reached skill level 1 in Fire Magic
 12620 | D:9      | Offered knowledge of Olgreb's Toxic Radiance by Vehumet.
 12679 | D:9      | Learned a level 4 spell: Olgreb's Toxic Radiance
 12977 | D:10     | Entered Level 10 of the Dungeon
 12995 | D:10     | Reached skill level 1 in Poison Magic
 13253 | D:10     | Found a broken altar of Ashenzari.
 13335 | D:10     | Found a burning altar of Makhleb.
 13782 | D:10     | Reached XP level 11. HP: 74/74 MP: 8/18
 13783 | D:10     | Reached **** piety under Vehumet
 13912 | D:10     | Reached skill level 5 in Spellcasting
 14195 | Lair:1   | Entered Level 1 of the Lair of Beasts
 14243 | Lair:1   | Noticed Amaemon
 14254 | Lair:1   | Killed Amaemon
 14254 | Lair:1   | Offered knowledge of Conjure Flame by Vehumet.
 14255 | Lair:1   | Reached skill level 5 in Fire Magic
 15379 | Lair:2   | Reached skill level 5 in Poison Magic
 15787 | Lair:2   | Noticed an eight-headed hydra
 15800 | Lair:2   | Killed an eight-headed hydra
 16291 | Lair:2   | Noticed a bog body
 16300 | Lair:2   | Killed a bog body
 16394 | Lair:2   | Reached XP level 12. HP: 79/81 MP: 2/21
 17171 | Lair:2   | Found a staircase to the Swamp.
 17748 | Lair:3   | Found a snail-covered altar of Cheibriados.
 18842 | Lair:4   | Noticed an eight-headed hydra
 18856 | Lair:4   | Killed an eight-headed hydra
 18959 | Lair:4   | Reached skill level 10 in Conjurations
 19106 | Lair:4   | Reached ***** piety under Vehumet
 19106 | Lair:4   | Offered knowledge of Lee's Rapid Deconstruction by Vehumet.
 19207 | Lair:4   | Noticed Snorg
 19220 | Lair:4   | Killed Snorg
 19221 | Lair:4   | Reached skill level 1 in Fighting
 19221 | Lair:4   | Reached skill level 10 in Hexes
 19792 | Lair:4   | Found a staircase to the Snake Pit.
 19807 | Lair:4   | Reached skill level 9 in Stealth
 19810 | Lair:4   | Reached XP level 13. HP: 84/93 MP: 4/23
 21607 | Lair:5   | Reached skill level 5 in Fighting
 21699 | Lair:5   | Reached skill level 10 in Stealth
 22029 | Lair:6   | Entered Level 6 of the Lair of Beasts
 22040 | Lair:6   | Found a frozen archway.
 22055 | Lair:6   | Reached skill level 5 in Dodging
 22100 | IceCv    | Entered an ice cave
 22411 | IceCv    | Offered knowledge of Irradiate by Vehumet.
 23275 | IceCv    | Learned a level 5 spell: Irradiate
 23279 | IceCv    | Learned a level 3 spell: Ignite Poison
 23427 | IceCv    | Noticed a reaper
 23428 | IceCv    | Found the ring of Shadows {Umbra +Inv Stlth+}
 23438 | IceCv    | Killed a reaper
 23439 | IceCv    | Reached skill level 1 in Transmutations
 23868 | Lair:6   | Learned a level 5 spell: Fireball
 23916 | Lair:6   | Found a runed translucent gate.
 23916 | Lair:6   | Found a runed translucent gate.
 23916 | Lair:6   | Found a viscous altar of Jiyva.
 23916 | Lair:6   | Found a runed translucent gate.
 23916 | Lair:6   | Noticed an azure jelly
 23916 | Lair:6   | Noticed oldriver's ghost (journeyman PaDe)
 23916 | Lair:6   | Noticed an azure jelly
 23916 | Lair:6   | Noticed an acid blob
 23916 | Lair:6   | Noticed an acid blob
 23916 | Lair:6   | Noticed an azure jelly
 23916 | Lair:6   | Noticed an acid blob
 23917 | Lair:6   | Noticed an acid blob
 23918 | Lair:6   | Noticed Urug
 23939 | Lair:6   | Killed Urug
 24403 | Lair:6   | Reached XP level 14. HP: 105/107 MP: 22/24
 24594 | Lair:6   | Reached skill level 11 in Stealth
 25348 | Lair:6   | Found a staircase to the Slime Pits.
 25348 | Lair:6   | Found a viscous altar of Jiyva.
 25579 | Lair:6   | Reached skill level 5 in Transmutations
 26096 | Lair:6   | Identified the +8 battleaxe "Beenn" {drain, Drain rF++ rC+
                  | Will+}
 26097 | Lair:6   | Identified the +5 war axe of Bolim {vorpal, Str+2}
 26658 | D:11     | You fall into a shaft and drop 1 floor!
 26685 | D:12     | Offered knowledge of Lightning Bolt by Vehumet.
 26686 | D:12     | Reached skill level 1 in Maces & Flails
 26773 | D:12     | Reached skill level 1 in Shields
 27689 | D:11     | Reached skill level 10 in Poison Magic
 28506 | D:12     | Found a staircase to the Orcish Mines.
 28534 | D:12     | Identified the amulet "Muriyriawn" {Faith Rampage +Blink
                  | Will- MP+9}
 28560 | D:12     | Noticed Erolcha
 28585 | Orc:1    | Entered Level 1 of the Orcish Mines
 28719 | Orc:1    | Found Currush's General Store.
 28737 | Orc:1    | Bought a scroll of fog for 34 gold pieces
 28737 | Orc:1    | Bought a potion of lignification for 51 gold pieces
 28964 | Orc:1    | Noticed Nergalle
 28969 | Orc:1    | Killed Nergalle
 29174 | Orc:2    | Entered Level 2 of the Orcish Mines
 29189 | Orc:2    | Offered knowledge of Conjure Ball Lightning by Vehumet.
 29385 | Orc:2    | Found a staircase to the Elven Halls.
 29902 | Orc:2    | Found Sud Atausi's Book Boutique.
 30373 | Orc:2    | Found Kupt's Antique Armour Shoppe.
 30416 | Orc:2    | Noticed an orc warlord
 30435 | Orc:2    | Killed an orc warlord
 30582 | Orc:2    | Found Emuithab's Antique Weapon Emporium.
 30582 | Orc:2    | Found Xuses's General Store.
 30608 | Orc:2    | Bought 6 curare-tipped darts for 50 gold pieces
 30608 | Orc:2    | Bought a scroll of identify for 28 gold pieces
 30608 | Orc:2    | Bought a scroll of poison for 49 gold pieces
 30807 | Orc:2    | Bought the Volume of Fire and the Mountains for 630 gold
                  | pieces
 30983 | Orc:2    | Bought a book of Armaments for 540 gold pieces
 31609 | D:13     | Reached skill level 5 in Maces & Flails
 31609 | D:13     | Reached XP level 15. HP: 109/113 MP: 22/27
 31652 | D:13     | Reached skill level 5 in Shields
 31819 | D:13     | Found a transporter.
 31826 | D:13     | Noticed om's ghost (journeyman DjCj)
 32525 | D:13     | Offered knowledge of Yara's Violent Unravelling by Vehumet.
 32945 | D:13     | Found a gate to the Vaults.
 33361 | D:13     | Found a transporter.
 33808 | D:14     | Found a hide-covered altar of Uskayaw.
 35024 | D:14     | Learned a level 5 spell: Yara's Violent Unravelling
 35042 | D:15     | Entered Level 15 of the Dungeon
 35675 | D:15     | Noticed Azrael
 35689 | D:15     | Killed Azrael
 35905 | D:15     | Slain by a slime creature

Illustrated notes

Levels and vault maps discovered:
D:1:      dpeg_arrival_boxorama, layout_loops_ring, basic_ecumenical_altar,
          minmay_pentomino_w4
D:2:      layout_basic, minmay_misc_feat_enclosed, roderic_serpentine_path,
          minmay_misc_feat_rugged, uniq_terence, uniq_natasha
D:3:      layout_basic, gup_sewer_entry_pipe, serial_shops,
          nicolae_shop_bloodbath_and_beyond
D:4:      layout_basic, old_standard_altar, temple_pool_b
D:5:      layout_basic, mainiacjoe_overflow_chevrons
D:6:      layout_rooms, uniq_blork_the_orc, uniq_pikel
D:7:      layout_cave_pools, lemuel_tele_altar,
          nicolae_hepliaklqana_ecumenical_no_more, serial_shops,
          nicolae_stop_n_shop_2, dk_noncrumbling_3, uniq_maggie,
          uniq_crazy_yiuf_cottage, uniq_duvessa
D:8:      layout_rooms, old_standard_altar, elyvilon_altar_4
D:9:      layout_grid_maze, minmay_lair_entry_lava, roderic_batcave
D:10:     layout_basic, nicolae_ashenzari_skybound,
          mainiacjoe_overflow_tiny_flanked, interstate_on_off
D:11:     layout_stronghold
D:12:     layout_stronghold, david_orc_3, uniq_erolcha
D:13:     nicolae_cairo_tiling_large, layout_loops_corners,
          grunt_vaults_entry_tiered, gammafunk_ghost_berserking_beasts,
          lightli_wizard_tower
D:14:     layout_basic, nicolae_uskayaw_murder_on_the_dancefloor
D:15:     gammafunk_enter_depths_forms, layout_basic, uniq_azrael
Temple:   eino_narrow_crystal_temple
Lair:1:   layout_regular_city, cheibrodos_lair_reptile_den, grunt_megastairs_4,
          uniq_amaemon
Lair:2:   layout_concentric_octagons, nicolae_swamp_entry_splash_gauntlet,
          grunt_megastairs_1, infiniplex_staircase_pool_2, serial_bayou_shore_b,
          lemuel_fruit_fields
Lair:3:   layout_regular_city, basic_altar
Lair:4:   layout_concentric_octagons, minmay_snake_entry_six_corridors,
          chequers_serial_rivers_micro_d, serial_bayou_shore_b, uniq_snorg
Lair:5:   pond_and_an_island_with_a_cottage, layout_gridlike, grunt_megastairs_2
Lair:6:   grunt_lair_end_beastmaster, layout_cellular_growth, slime_altar_1,
          gammafunk_ghost_ooze, portal_ice_cave_entry_pillars_1,
          dreamdust_gnoll_shepherd, uniq_urug
Orc:1:    nicolae_orc_accident_2, layout_diamond_mine, serial_shops,
          nicolae_shop_hallway_plus, uniq_nergalle
Orc:2:    grunt_orc_gardens, layout_diamond_mine, grunt_orc_garden,
          grunt_orc_garden, grunt_orc_garden, grunt_orc_garden, basic_altar

Skill      XL: |  1  2  3  4  5  6  7  8  9 10 11 12 13 14 15 |
---------------+----------------------------------------------+-----
Stealth        | 2 3 5 7 8 9 10 11 | 11.3
Conjurations   | 5 6 7 8 10 | 10.0
Spellcasting   | 3 4 6 7 8 9 |  9.7
Hexes          | 1 3 5 7 8 10 | 10.0
Throwing       | 2 6 |  6.0
Evocations     | 2 5 |  5.0
Fire Magic     | 4 5 |  5.3
Poison Magic   | 2 6 8 9 10 | 10.0
Dodging        | 2 6 7 |  7.0
Fighting       | 2 5 |  5.0
Transmutations | 4 6 |  6.0
Maces & Flails | 5 7 |  7.4
Shields        | 4 7 |  7.3

Action                   |  1- 3 |  4- 6 |  7- 9 | 10-12 | 13-15 || total
-------------------------+-------+-------+-------+-------+-------++-------
Melee: Short sword       |    39 |    28 |       |       |       ||    67
       Tailslap          |     1 |     5 |    22 |    27 |    91 ||   146
       Punch             |     1 |     1 |     2 |     2 |       ||     6
       Dagger            |       |    25 |   165 |    75 |       ||   265
       Demon whip        |       |       |       |   112 |   401 ||   513
Throw: Dart              |       |       |    23 |    11 |    31 ||    65
 Cast: Magic Dart        |    42 |    73 |    78 |    28 |     5 ||   226
       Searing Ray       |     3 |    20 |    16 |     9 |       ||    48
       Dazzling Flash    |       |       |    10 |     4 |    10 ||    24
       Fulminant Prism   |       |       |    40 |   107 |    82 ||   229
       Foxfire           |       |       |     4 |       |    93 ||    97
       Olgreb's Toxic Ra |       |       |       |    64 |   190 ||   254
       Ignite Poison     |       |       |       |       |    63 ||    63
       Fireball          |       |       |       |       |    49 ||    49
       Irradiate         |       |       |       |       |     7 ||     7
 Abil: Breathe Fire      |       |       |    25 |    31 |    33 ||    89
Evoke: Wand              |       |       |     2 |     6 |    18 ||    26
       Tin of tremorston |       |       |       |     2 |     2 ||     4
  Use: Scroll            |     2 |     1 |     5 |    12 |    22 ||    42
       Potion            |       |     2 |     3 |     3 |     3 ||    11
 Stab: Sleeping          |     1 |     6 |       |     2 |     3 ||    12
       Invisible         |       |       |     4 |       |     4 ||     8
       Paralysed         |       |       |     3 |    11 |       ||    14
       Distracted        |       |       |       |       |     1 ||     1
Armor: Skin              |    23 |    28 |   120 |   122 |   187 ||   480
Dodge: Dodged            |    29 |    46 |   143 |   263 |   391 ||   872
Block: Other             |     1 |    28 |    51 |    85 |    23 ||   188
       Reflection        |       |       |     9 |     5 |    31 ||    45
       Buckler           |       |       |       |       |   268 ||   268

Table legend: (Time is in decaauts)
 A = Elapsed time spent in this place.
 B = Non-inter-level travel time spent in this place.
 C = Inter-level travel time spent in this place.
 D = Time resting spent in this place.
 E = Time spent auto-exploring this place.
 F = Levels seen in this place.
 G = Mean time per level.
                   A        B        C        D        E       F      G
               +--------+--------+--------+--------+--------+-----+--------+
         Total |  35998 |  34346 |   1652 |   8985 |  17586 |  26 | 1384.5 |
       Dungeon |  20113 |  19009 |   1104 |   4246 |  10757 |  15 | 1340.9 |
        Temple |    226 |    198 |     28 |      0 |    191 |   1 |  226.0 |
          Lair |  10563 |  10253 |    310 |   2974 |   5171 |   6 | 1760.5 |
  Orcish Mines |   2673 |   2463 |    210 |    639 |   1065 |   2 | 1336.5 |
         Sewer |    677 |    677 |      0 |    302 |    150 |   1 |  677.0 |
      Ice Cave |   1744 |   1744 |      0 |    823 |    250 |   1 | 1744.0 |
               +--------+--------+--------+--------+--------+-----+--------+

Top non-repeatable levels by time:
  Lair:6: 2503 daAuts
     D:6: 2201 daAuts
    D:13: 2069 daAuts
  Lair:2: 1960 daAuts
     D:2: 1941 daAuts
  Lair:4: 1769 daAuts
   IceCv: 1744 daAuts
  Lair:1: 1597 daAuts
   Orc:2: 1587 daAuts
  Lair:3: 1451 daAuts
     D:9: 1451 daAuts
     D:1: 1435 daAuts
    D:12: 1418 daAuts
  Lair:5: 1281 daAuts
    D:14: 1247 daAuts
